 Dungeon Crawl Stone Soup version 0.29-a0-330-g52719c12eb (webtiles) character file.

Game seed: 17906662665278037232

3621 Armakuni the Destroyer (level 10, 0/63 HPs)
             Began as a Human Wanderer on Apr 29, 2022.
             Was a Believer of Vehumet.
             Killed from afar by a gargoyle (24 damage)
             ... with a stone arrow
             ... on level 8 of the Dungeon on Apr 30, 2022.
             The game lasted 00:22:53 (10616 turns).

Armakuni the Destroyer (Human Wanderer)            Turns: 10616, Time: 00:22:54

Health: 0/63       AC:  9    Str: 12    XL:     10   Next: 32%
Magic:  2/21       EV: 11    Int: 25    God:    Vehumet [**....]
Gold:   309        SH:  0    Dex: 11    Spells: 17/24 levels left

rFire   . . .      SeeInvis .   a - +6 dire flail (drain)
rCold   . . .      Faith    .   (shield currently unavailable)
rNeg    . . .      Spirit   .   y - +0 troll leather armour
rPois   .          Reflect  .   d - +0 helmet
rElec   .          Harm     .   (no cloak)
rCorr   .          Rampage  .   l - +0 pair of gloves
Will    +....      Rage     1%  o - +2 pair of boots
Stlth   +.........              (no amulet)
HPRegen 1.00/turn               L - ring of flight
MPRegen 0.17/turn               I - +6 ring of intelligence

@: flying
A: berserk 1, strong-willed 1
a: Renounce Religion


You were on level 8 of the Dungeon.
You worshipped Vehumet.
Vehumet was pleased with you.
You visited 1 branch of the dungeon, and saw 8 of its levels.

You collected 445 gold pieces.
You spent 136 gold pieces at shops.

Inventory:

Hand Weapons
 a - a +6 dire flail of draining (weapon)
 p - a +2 quarterstaff
 r - a +3 dagger of venom
Missiles
 e - 17 poisoned darts
 A - a throwing net
Armour
 d - a +0 helmet (worn)
 l - a +0 pair of gloves (worn)
 o - a +2 pair of boots (worn)
 w - a +3 scale mail of poison resistance
 y - a +0 troll leather armour (worn)
Magical Staves
 b - a staff of cold
Jewellery
 I - a +6 ring of intelligence (right hand)
 L - a ring of flight (left hand)
Wands
 f - a wand of digging (5)
 s - a wand of flame (13)
Scrolls
 c - a scroll of identify
 k - a scroll of magic mapping
 x - 2 scrolls of teleportation
Potions
 g - a potion of haste
 h - 3 potions of might
 i - 4 potions of invisibility
 j - 2 potions of curing
 m - a potion of flight
 n - 2 potions of mutation
 u - a potion of heal wounds {unknown}
 v - 2 potions of lignification


   Skills:
 - Level 2.0 Maces & Flails
 - Level 2.0 Armour
 - Level 1.0 Dodging
 + Level 7.8 Spellcasting
 - Level 10.0 Conjurations
 - Level 4.0 Translocations
 - Level 5.0 Evocations


You had 17 spell levels left.
You knew the following spells:

 Your Spells              Type           Power      Damage    Failure   Level
m - Iskenderun's Mystic   Conj/Tloc      44%        2d10      4%          4
s - Searing Ray           Conj           100%       2d8       1%          2
z - Shock                 Conj/Air       100%       1d9       1%          1

Your spell library contained the following spells:

 Spells                   Type           Power      Damage    Failure   Level
 Static Discharge         Conj/Air       34%        N/A       1%          2
 Beastly Appendage        Tmut           18%        N/A       8%          1
 Freeze                   Ice            36%        1d6       8%          1
 Pain                     Necr           36%        1d5       8%          1
 Sting                    Tmut/Pois      36%        1d4       8%          1
 Hailstorm                Conj/Ice       34%        3d9       10%         4
 Poisonous Vapours        Pois/Air       18%        N/A       12%         2
 Wereblood                Tmut           9%         N/A       12%         2
 Frozen Ramparts          Ice            18%        1d3       24%         3
 Spider Form              Tmut/Pois      9%         N/A       24%         3
 Olgreb's Toxic Radiance  Pois           9%         N/A       61%         4
 Agony                    Necr           9%         N/A       91%         5
 Excruciating Wounds      Necr           4%         N/A       91%         5


Dungeon Overview and Level Annotations

Branches:
Dungeon (8/15)             Temple (0/1) D:5
   Lair: D:8-11

Altars:
Kikubaaqudgha
Vehumet

Shops:
D:2 [   D:6 [(


Innate Abilities, Weirdness & Mutations

You tend to lose your temper in combat.
You are strong-willed. (Will+)


Message History

Confirm with . or Enter, or press ? or * to list all spells.
You erupt in a blast of force!
The mystic blast hits the gargoyle.
The gargoyle is moderately damaged.
The gargoyle is knocked back by the mystic blast.
The gargoyle slams into the stone wall!
Casting: Iskenderun's Mystic Blast (dangerous; 4% risk of failure)
Confirm with . or Enter, or press ? or * to list all spells.
You erupt in a blast of force!
The mystic blast hits the gargoyle!
The gargoyle is severely damaged.
The gargoyle is knocked back by the mystic blast.
The gargoyle slams into the stone wall!
The gargoyle hurls a stone arrow at you.
The stone arrow misses you.
Casting: Iskenderun's Mystic Blast (dangerous; 4% risk of failure)
Confirm with . or Enter, or press ? or * to list all spells.
You erupt in a blast of force!
The mystic blast hits the gargoyle but does no damage.
The gargoyle is severely damaged.
Casting: Iskenderun's Mystic Blast (dangerous; 4% risk of failure)
Confirm with . or Enter, or press ? or * to list all spells.
You erupt in a blast of force!
The mystic blast hits the gargoyle.
The gargoyle is almost destroyed.
The gargoyle is knocked back by the mystic blast.
The gargoyle hurls a stone arrow at you.
The stone arrow hits you!!
You barely miss the gargoyle.
The gargoyle is almost destroyed.
The gargoyle hurls a stone arrow at you.
The stone arrow misses you.
You hit the gargoyle but do no damage.
The gargoyle is almost destroyed.
The gargoyle hits you with a +0 flail!
You hit the gargoyle but do no damage.
The gargoyle is almost destroyed.
The gargoyle hits you with a +0 flail!
You hit the gargoyle but do no damage.
The gargoyle is severely damaged.
The gargoyle hurls a stone arrow at you.
The stone arrow hits you!!
You die...

#.....# #........#
.#####...####.######.#
..............# #.#
.######.####### ###.#
#.# #...# ##'## #.###
##...## #<# ##.....##
####.#
##.......####9@..#
#.).......#..#...#######
+.........'...#.........
#.........#....#.......#
##.......######.#.#.#.##
##.....####.#.#.#.## #
##...####.......#..
##'## #....#.#..#.. #.#
#.#.##.....#.#


You could see a gargoyle.

Vanquished Creatures
  A troll (D:7)
  Grinder (D:6)
  Prince Ribbit (D:5)
  Menkaure (D:5)
  A steam dragon (D:6)
  Edmund (D:6)
  A water moccasin (D:7)
  Duvessa (D:6)
  3 sky beasts
  3 black bears
  An ogre (D:6)
  A centaur (D:7)
  Blork the orc (D:5)
  A necrophage (D:6)
  2 gnoll sergeants
  4 scorpions
  3 bullfrogs
  A wight (D:7)
  Dowan (D:6)
  A howler monkey (D:7)
  6 jellies
  2 hounds (D:5)
  Jessica (D:2)
  5 iguanas
  6 orc wizards
  Robin (D:2)
  6 adders
  14 gnolls
  4 white imps
  2 ufetubi
  4 dart slugs
  24 orcs
  2 ball pythons
  2 bat zombies (D:6)
  7 endoplasms
  4 giant cockroaches
  15 goblins
  4 hobgoblins
  7 jackals
  7 kobolds
  2 quokkas
  3 bats (D:1)
  2 frilled lizards (D:1)
  A rat (D:1)
161 creatures vanquished.

Vanquished Creatures (others)
  A plant (D:6)
1 creature vanquished.

Grand Total: 162 creatures vanquished

Notes
Turn   | Place    | Note
-------+----------+-------------------------------------------
     0 | D:1      | Armakuni the Human Wanderer began the quest for the Orb.
     0 | D:1      | Armakuni set off with the following items: a +0 mace, a +0
                  | pair of gloves, a scroll of blinking, a +0 robe; and the
                  | following spell memorised: Shock; and the following spells
                  | available to memorise: Searing Ray, Iskenderun's Mystic
                  | Blast
     0 | D:1      | Reached XP level 1. HP: 13/13 MP: 3/3
   371 | D:1      | Found a faded altar of an unknown god.
   626 | D:1      | Reached XP level 2. HP: 19/19 MP: 3/5
   629 | D:1      | Learned a level 2 spell: Searing Ray
   864 | D:1      | Reached XP level 3. HP: 24/24 MP: 2/6
  1013 | D:1      | Reached skill level 4 in Conjurations
  1960 | D:2      | Reached XP level 4. HP: 30/30 MP: 3/7
  2012 | D:2      | Learned a level 4 spell: Iskenderun's Mystic Blast
  2053 | D:2      | Noticed Robin
  2062 | D:2      | Killed Robin
  2173 | D:2      | Noticed Jessica
  2181 | D:2      | Killed Jessica
  2182 | D:2      | Reached skill level 5 in Conjurations
  2184 | D:2      | Reached XP level 5. HP: 24/35 MP: 0/8
  2700 | D:2      | Found Byacu's Antique Armour Shoppe.
  3437 | D:3      | You fall into a shaft and drop 1 floor!
  3442 | D:4      | Reached skill level 6 in Conjurations
  3651 | D:4      | Reached XP level 6. HP: 41/41 MP: 5/9
  3654 | D:4      | Found a radiant altar of Vehumet.
  3669 | D:4      | Became a worshipper of Vehumet
  4730 | D:5      | Entered Level 5 of the Dungeon
  4774 | D:5      | Noticed Prince Ribbit
  4785 | D:5      | Killed Prince Ribbit
  4786 | D:5      | Reached skill level 7 in Conjurations
  4786 | D:5      | Reached XP level 7. HP: 11/46 MP: 1/10
  5027 | D:5      | Reached skill level 8 in Conjurations
  5511 | D:5      | Found a staircase to the Ecumenical Temple.
  5512 | D:5      | Noticed Menkaure
  5529 | D:5      | Killed Menkaure
  5530 | D:5      | Reached skill level 9 in Conjurations
  5530 | D:5      | Reached XP level 8. HP: 16/52 MP: 7/11
  6303 | D:5      | Noticed Blork the orc
  6594 | D:5      | Reached skill level 10 in Conjurations
  6865 | D:5      | Killed Blork the orc
  6866 | D:5      | Reached skill level 1 in Translocations
  7090 | D:5      | Identified the +1 falchion of the Skies Above {vorpal, rF+
                  | rC- Dex+6}
  7547 | D:6      | Found Wuojilin's Hydra Hut.
  7552 | D:6      | Noticed a five-headed hydra
  7608 | D:6      | Reached skill level 1 in Evocations
  7608 | D:6      | Reached XP level 9. HP: 34/57 MP: 2/12
  7611 | D:6      | Noticed Duvessa
  7611 | D:6      | Noticed Dowan
  7621 | D:6      | Gained mutation: You tend to lose your temper in combat.
                  | [potion of mutation]
  7621 | D:6      | Gained mutation: You are strong-willed. (Will+) [potion of
                  | mutation]
  7935 | D:6      | Found Mun Uga's Antique Armour Shoppe.
  7943 | D:6      | Bought a wizard robe for 136 gold pieces
  7943 | D:6      | Identified the +1 robe "Diologom" {Will+} (You bought it in
                  | a shop on level 6 of the Dungeon)
  7954 | D:6      | Reached * piety under Vehumet
  7954 | D:6      | Offered knowledge of Sandblast by Vehumet.
  8242 | D:6      | Killed Duvessa
  8254 | D:6      | Killed Dowan
  8632 | D:6      | Found an ancient bone altar of Kikubaaqudgha.
  8696 | D:6      | Noticed Edmund
  8698 | D:6      | Noticed Grinder
  8773 | D:6      | Killed Edmund
  8999 | D:6      | Killed Grinder
  9000 | D:6      | Reached skill level 5 in Spellcasting
  9000 | D:6      | Reached skill level 5 in Evocations
  9251 | D:7      | Noticed a troll
  9259 | D:7      | Killed a troll
  9260 | D:7      | Reached XP level 10. HP: 63/63 MP: 5/18
  9469 | D:7      | Reached ** piety under Vehumet
  9469 | D:7      | Offered knowledge of Static Discharge by Vehumet.
 10478 | D:8      | Noticed a gargoyle
 10616 | D:8      | Killed from afar by a gargoyle

Illustrated notes

Levels and vault maps discovered:
D:1:      dpeg_arrival_circle_labyrinth_c, layout_loops_corners,
          ebering_ecumenical_altar_ruins
D:2:      layout_loops_ring, serial_shops, shop_fountains, uniq_jessica,
          uniq_robin
D:3:      wad_pebble_path, layout_basic
D:4:      layout_basic, vehumet_altar_wand_db, kennysheep_generic_room_3
D:5:      layout_basic, minmay_temple_entry_sparse_star, uniq_prince_ribbit1,
          uniq_menkaure, uniq_blork_the_orc
D:6:      layout_loops_cross, lemuel_zombie_altar_kikubaaqudgha, serial_shops,
          shop, serial_park_tiny_2, doesnt_shop_hydraphobe, uniq_edmund,
          uniq_grinder, uniq_duvessa
D:7:      layout_basic, hangedman_abyss_or_decor_stabs, minmay_bent
D:8:      layout_loops_corners, hangedman_abyss_or_decor_slice

Skill      XL: |  1  2  3  4  5  6  7  8  9 10 |
---------------+-------------------------------+-----
Conjurations   | 4 5 6 7 9 10 | 10.0
Translocations | 4 |  4.0
Evocations     | 1 5 |  5.0
Spellcasting   | 5 7 |  7.8
Maces & Flails | |  2.0
Armour         | |  2.0
Dodging        | |  1.0

Action                   |  1- 3 |  4- 6 |  7- 9 | 10-12 || total
-------------------------+-------+-------+-------+-------++-------
Melee: Mace              |     3 |     8 |       |       ||    11
       Quarterstaff      |       |       |    52 |       ||    52
       Dire flail        |       |       |     4 |    46 ||    50
 Cast: Shock             |    11 |     6 |     5 |       ||    22
       Searing Ray       |    16 |    26 |    46 |    15 ||   103
       Iskenderun's Myst |       |       |    12 |     9 ||    21
Evoke: Wand              |       |     5 |    34 |     5 ||    44
  Use: Scroll            |     1 |     7 |    10 |     4 ||    22
       Potion            |       |       |     7 |     1 ||     8
Armor: Robe              |     8 |    15 |    17 |       ||    40
       Steam dragon scal |       |       |    41 |       ||    41
       Skin              |       |       |     2 |       ||     2
       Troll leather arm |       |       |       |    23 ||    23
Dodge: Dodged            |    17 |    23 |    64 |    40 ||   144

Table legend: (Time is in decaauts)
 A = Elapsed time spent in this place.
 B = Non-inter-level travel time spent in this place.
 C = Inter-level travel time spent in this place.
 D = Time resting spent in this place.
 E = Time spent auto-exploring this place.
 F = Levels seen in this place.
 G = Mean time per level.
                   A        B        C        D        E       F      G
               +--------+--------+--------+--------+--------+-----+--------+
         Total |  10670 |  10217 |    453 |   2510 |   5972 |   8 | 1333.8 |
       Dungeon |  10670 |  10217 |    453 |   2510 |   5972 |   8 | 1333.8 |
               +--------+--------+--------+--------+--------+-----+--------+

Top non-repeatable levels by time:
     D:5: 2541 daAuts
     D:1: 1723 daAuts
     D:6: 1566 daAuts
     D:4: 1433 daAuts
     D:2: 1331 daAuts
     D:7: 1171 daAuts
     D:3: 759 daAuts
     D:8: 144 daAuts
